| TOP OF THE 1ST |
|
Ogden Raptors batting - Pitching for San Francisco (APP) Giants : LHP Diego Tellez
|
|
Pitching: LHP Diego Tellez
|
|
|
Batting: SHB Javy Franco
|
0-0: Called Strike 0-1: Ground out 6-3 (Groundball, 6, EV 78.1 MPH)
|
|
Batting: SHB Erick Hamburger
|
0-0: Foul Ball, location: 2F 0-1: Ball 1-1: Ball 2-1: Foul Ball, location: 2F 2-2: Ball 3-2: Strikes out swinging
|
|
Batting: LHB Pedro Garza
|
0-0: Called Strike 0-1: Foul Ball, location: 2F 0-2: Ball 1-2: Ball 2-2: Ball 3-2: Foul Ball, location: 2F 3-2: SINGLE (Groundball, 34D, EV 107.5 MPH)
|
|
Batting: RHB Juan Gallegos
|
0-0: Ball 1-0: Ground out U3 (Groundball, 34, EV 100.6 MPH)
|
| Top of the 1st over - 0 runs, 1 hit, 0 errors, 1 left on base; Ogden 0 - San Francisco (APP) 0 |
| BOTTOM OF THE 1ST |
|
San Francisco (APP) Giants batting - Pitching for Ogden Raptors : RHP Drew Manderfield
|
|
Pitching: RHP Drew Manderfield
|
|
|
Batting: RHB Vinny Torres
|
0-0: Ball 1-0: Ball 2-0: Ball 3-0: Called Strike 3-1: Base on Balls
|
|
Batting: RHB Tsugio Yamaguchi
|
0-0: Ball Vinny Torres steals 2nd, throwing error, E2 Vinny Torres to third 1-0: Ball 2-0: Swinging Strike 2-1: Foul Ball, location: 2F 2-2: Ball 3-2: Strikes out swinging
|
|
Batting: RHB Coen Dirks
|
0-0: Foul Ball, location: 2F 0-1: Ground out 6-3 (Groundball, 6, EV 86.9 MPH) Vinny Torres scores
|
|
Batting: RHB Zach Maguire
|
0-0: Ball 1-0: Ball 2-0: Ball 3-0: Called Strike 3-1: Base on Balls
|
|
Batting: RHB Jaime Rios
|
0-0: Ball 1-0: Ball 2-0: Called Strike 2-1: Foul Ball, location: 2F 2-2: Ball Wild Pitch! Zach Maguire to second 3-2: Hit by Pitch
|
|
Batting: LHB Dennis Jones
|
0-0: Foul Ball, location: 2F 0-1: Ball 1-1: Ball 2-1: Called Strike 2-2: Strikes out swinging
|
| Bottom of the 1st over - 1 run, 0 hits, 1 error, 2 left on base; Ogden 0 - San Francisco (APP) 1 |
| TOP OF THE 2ND |
|
Ogden Raptors batting - Pitching for San Francisco (APP) Giants : LHP Diego Tellez
|
|
Batting: LHB Fernão Manta
|
0-0: Called Strike 0-1: Ball 1-1: Called Strike 1-2: Strikes out swinging
|
|
Batting: RHB Felipe Rivera
|
0-0: Ball 1-0: Foul Ball, location: 2F 1-1: Ball 2-1: Foul Ball, location: 2F 2-2: Foul Ball, location: 2F 2-2: Ball 3-2: Base on Balls
|
|
Batting: SHB Alex Noval
|
0-0: Called Strike 0-1: Ball Felipe Rivera is caught stealing 2nd base 2-4 1-1: Ball 2-1: Ball 3-1: Fly out, F7 (Flyball, 7D, EV 105.0 MPH)
|
| Top of the 2nd over - 0 runs, 0 hits, 0 errors, 0 left on base; Ogden 0 - San Francisco (APP) 1 |
| BOTTOM OF THE 2ND |
|
San Francisco (APP) Giants batting - Pitching for Ogden Raptors : RHP Drew Manderfield
|
|
Batting: RHB Alex Peguero
|
0-0: Called Strike 0-1: Ball 1-1: Fly out, F8 (Line Drive, 8RM, EV 95.0 MPH)
|
|
Batting: RHB Noe Oliva
|
0-0: Called Strike 0-1: Called Strike 0-2: Ball 1-2: Ball 2-2: Fly out, F5 (Line Drive, 5, EV 61.2 MPH)
|
|
Batting: RHB Jonathan Hemsley
|
0-0: SINGLE (Groundball, 6M, EV 97.5 MPH) (infield hit)
|
|
Batting: RHB Vinny Torres
|
0-0: Called Strike 0-1: Ball Jonathan Hemsley is caught stealing 2nd base 2-4
|
| Bottom of the 2nd over - 0 runs, 1 hit, 0 errors, 0 left on base; Ogden 0 - San Francisco (APP) 1 |
| TOP OF THE 3RD |
|
Ogden Raptors batting - Pitching for San Francisco (APP) Giants : LHP Diego Tellez
|
|
Batting: RHB Brad Brady
|
0-0: Called Strike 0-1: Ball 1-1: Ball 2-1: Ball 3-1: Base on Balls
|
|
Batting: RHB Gaylord Wray
|
0-0: Foul Ball, location: 2F 0-1: Ball 1-1: Ball 2-1: Called Strike 2-2: Ball 3-2: Base on Balls Brad Brady to second
|
|
Batting: SHB Javy Franco
|
0-0: Foul Ball, location: 2F 0-1: Ball 1-1: Ball 2-1: Foul Ball, location: 2F 2-2: Fly out, F8 (Flyball, 89D, EV 103.1 MPH)
|
|
Batting: SHB Erick Hamburger
|
0-0: Called Strike 0-1: Reaches on Catchers interference Brad Brady to third Gaylord Wray to second
|
|
Batting: LHB Pedro Garza
|
0-0: Swinging Strike 0-1: Ball 1-1: Ball 2-1: Foul Ball, location: 2F 2-2: Foul Ball, location: 2F 2-2: Ball 3-2: Foul Ball, location: 2F 3-2: Base on Balls Brad Brady scores Gaylord Wray to third Erick Hamburger to second
|
|
Batting: RHB Juan Gallegos
|
0-0: Foul Ball, location: 2F 0-1: Fly out, F8 (Flyball, 8LD, EV 103.1 MPH) Runner from 3rd tags up, SCORES, throw by CF
|
|
Batting: LHB Fernão Manta
|
0-0: Ball 1-0: Swinging Strike 1-1: Swinging Strike 1-2: Ball 2-2: SINGLE (Groundball, 56S, EV 74.4 MPH) (infield hit) Erick Hamburger to third Pedro Garza to second
|
|
Batting: RHB Felipe Rivera
|
0-0: Fly out, F8 (Flyball, 8RM, EV 78.8 MPH)
|
| Top of the 3rd over - 2 runs, 1 hit, 1 error, 3 left on base; Ogden 2 - San Francisco (APP) 1 |
| BOTTOM OF THE 3RD |
|
San Francisco (APP) Giants batting - Pitching for Ogden Raptors : RHP Drew Manderfield
|
|
Batting: RHB Vinny Torres
|
0-0: Ball 1-0: Called Strike 1-1: Ball 2-1: Called Strike 2-2: Ball 3-2: Strikes out looking
|
|
Batting: RHB Tsugio Yamaguchi
|
0-0: Ground out 4-3 (Groundball, 4, EV 88.1 MPH)
|
|
Batting: RHB Coen Dirks
|
0-0: Ball 1-0: Ground out 6-3 (Groundball, 6S, EV 76.2 MPH)
|
| Bottom of the 3rd over - 0 runs, 0 hits, 0 errors, 0 left on base; Ogden 2 - San Francisco (APP) 1 |
| TOP OF THE 4TH |
|
Ogden Raptors batting - Pitching for San Francisco (APP) Giants : LHP Diego Tellez
|
|
Batting: SHB Alex Noval
|
0-0: Ball 1-0: Ground out 6-3 (Groundball, 6, EV 85.6 MPH)
|
|
Batting: RHB Brad Brady
|
0-0: Called Strike 0-1: Ground out 4-3 (Groundball, 34, EV 88.1 MPH)
|
|
Batting: RHB Gaylord Wray
|
0-0: Called Strike 0-1: Foul Ball, location: 2F 0-2: Ball 1-2: Foul Ball, location: 2F 1-2: Ball 2-2: Ball 3-2: Base on Balls
|
|
Batting: SHB Javy Franco
|
0-0: Ball 1-0: Ground out 2-3 (Groundball, 2L, EV 68.8 MPH)
|
| Top of the 4th over - 0 runs, 0 hits, 0 errors, 1 left on base; Ogden 2 - San Francisco (APP) 1 |
| BOTTOM OF THE 4TH |
|
San Francisco (APP) Giants batting - Pitching for Ogden Raptors : RHP Drew Manderfield
|
|
Batting: RHB Zach Maguire
|
0-0: Ball 1-0: Ball 2-0: Called Strike 2-1: Foul Ball, location: 2F 2-2: Foul Ball, location: 2F 2-2: Ball 3-2: Foul Ball, location: 2F 3-2: Base on Balls
|
|
Batting: RHB Jaime Rios
|
0-0: Swinging Strike 0-1: Swinging Strike 0-2: Ball 1-2: Strikes out swinging
|
|
Batting: LHB Dennis Jones
|
0-0: Ball Zach Maguire is caught stealing 2nd base 2-6 1-0: Foul Ball, location: 2F 1-1: Ball 2-1: Swinging Strike 2-2: Foul Ball, location: 2F 2-2: Ball 3-2: Base on Balls
|
|
Batting: RHB Alex Peguero
|
0-0: Ball 1-0: Foul Ball, location: 2F 1-1: Foul Ball, location: 2F 1-2: Strikes out swinging
|
| Bottom of the 4th over - 0 runs, 0 hits, 0 errors, 1 left on base; Ogden 2 - San Francisco (APP) 1 |
| TOP OF THE 5TH |
|
Ogden Raptors batting - Pitching for San Francisco (APP) Giants : LHP Diego Tellez
|
|
Pitching: RHP Danny Estrada
|
|
|
Batting: SHB Erick Hamburger
|
0-0: Ball 1-0: Ball 2-0: Called Strike 2-1: Foul Ball, location: 2F 2-2: Hit by Pitch
|
|
Batting: LHB Pedro Garza
|
0-0: Ball 1-0: Foul Ball, location: 2F 1-1: Swinging Strike 1-2: Foul Ball, location: 2F 1-2: Ball Erick Hamburger steals 2nd, throwing error, E2 Erick Hamburger to third 2-2: Ball 3-2: Ground out 4-3 (Groundball, 34, EV 91.2 MPH)
|
|
Batting: RHB Juan Gallegos
|
0-0: Foul Ball, location: 2F 0-1: Ball 1-1: Ball 2-1: Ball 3-1: Called Strike 3-2: Strikes out swinging
|
|
Batting: LHB Fernão Manta
|
0-0: Ball Wild Pitch! Erick Hamburger scores 1-0: Ball 2-0: Foul Ball, location: 2F 2-1: Ball 3-1: Base on Balls
|
|
Batting: RHB Felipe Rivera
|
0-0: Fly out, F4 (Popup, 4, EV 76.2 MPH)
|
| Top of the 5th over - 1 run, 0 hits, 1 error, 1 left on base; Ogden 3 - San Francisco (APP) 1 |
| BOTTOM OF THE 5TH |
|
San Francisco (APP) Giants batting - Pitching for Ogden Raptors : RHP Drew Manderfield
|
|
Batting: RHB Noe Oliva
|
0-0: Ground out 5-3 (Groundball, 56D, EV 87.5 MPH)
|
|
Batting: RHB Jonathan Hemsley
|
0-0: Foul Ball, location: 2F 0-1: Ground out 6-3 (Groundball, 6, EV 96.2 MPH)
|
|
Batting: RHB Vinny Torres
|
0-0: Called Strike 0-1: Ball 1-1: Ball 2-1: SINGLE (Flyball, 34D, EV 90.0 MPH)
|
|
Batting: RHB Tsugio Yamaguchi
|
0-0: Ball 1-0: Ball Vinny Torres steals 2nd base 2-0: Foul Ball, location: 2F 2-1: Foul Ball, location: 2F 2-2: Ball 3-2: SINGLE (Line Drive, 78M, EV 93.1 MPH) Vinny Torres to third
|
|
Pitching: RHP Clyde Miller
|
|
|
Batting: RHB Coen Dirks
|
0-0: SINGLE (Groundball, 4MD, EV 105.0 MPH) Vinny Torres scores Tsugio Yamaguchi to second Runner from 2nd tries for 3rd, SAFE, throw by CF made to third
|
|
Batting: RHB Zach Maguire
|
0-0: Foul Ball, location: 2F 0-1: Ball 1-1: Foul Ball, location: 2F 1-2: Ball 2-2: Ground out U3 (Groundball, 3S, EV 87.5 MPH)
|
| Bottom of the 5th over - 1 run, 3 hits, 0 errors, 2 left on base; Ogden 3 - San Francisco (APP) 2 |
| TOP OF THE 6TH |
|
Ogden Raptors batting - Pitching for San Francisco (APP) Giants : RHP Danny Estrada
|
|
Batting: SHB Alex Noval
|
0-0: Foul Ball, location: 2F 0-1: Ball 1-1: Swinging Strike 1-2: Foul Ball, location: 2F 1-2: Foul Ball, location: 2F 1-2: Ball 2-2: Ball 3-2: DOUBLE (Groundball, 5L, EV 96.9 MPH)
|
|
Batting: RHB Brad Brady
|
0-0: Intentional Walk
|
|
Pitching: RHP François Leclerc
|
|
|
Batting: RHB Gaylord Wray
|
0-0: Hit by Pitch Alex Noval to third Brad Brady to second
|
|
Batting: SHB Javy Franco
|
0-0: Called Strike 0-1: Swinging Strike 0-2: Ball 1-2: Foul Ball, location: 2F 1-2: Foul Ball, location: 2F 1-2: Ball 2-2: Foul Ball, location: 2F 2-2: Grounds into fielders choice 3-2 (Groundball, 3S, EV 80.6 MPH) Brad Brady to third Gaylord Wray to second
|
|
Batting: SHB Erick Hamburger
|
0-0: Ball 1-0: Swinging Strike 1-1: Foul Ball, location: 2F 1-2: Ball 2-2: SINGLE (Line Drive, 7S, EV 87.5 MPH) Brad Brady scores Gaylord Wray to third Javy Franco to second
|
|
Batting: LHB Pedro Garza
|
0-0: Ball 1-0: Swinging Strike 1-1: Grounds into fielders choice 3-2 (Groundball, 3, EV 103.8 MPH) Javy Franco to third Erick Hamburger to second
|
|
Batting: RHB Juan Gallegos
|
0-0: Ball 1-0: Swinging Strike 1-1: Swinging Strike 1-2: Ball 2-2: Strikes out swinging
|
| Top of the 6th over - 1 run, 2 hits, 0 errors, 3 left on base; Ogden 4 - San Francisco (APP) 2 |
| BOTTOM OF THE 6TH |
|
San Francisco (APP) Giants batting - Pitching for Ogden Raptors : RHP Clyde Miller
|
|
Batting: RHB Jaime Rios
|
0-0: Called Strike 0-1: Ball 1-1: Ball 2-1: Swinging Strike 2-2: Foul Ball, location: 2F 2-2: Strikes out swinging
|
|
Batting: LHB Dennis Jones
|
0-0: Ball 1-0: Ball 2-0: Ball 3-0: Base on Balls
|
|
Batting: RHB Alex Peguero
|
0-0: Ball 1-0: Called Strike 1-1: Grounds into double play, 6-4-3 (Groundball, 56, EV 83.8 MPH)
|
| Bottom of the 6th over - 0 runs, 0 hits, 0 errors, 0 left on base; Ogden 4 - San Francisco (APP) 2 |
| TOP OF THE 7TH |
|
Ogden Raptors batting - Pitching for San Francisco (APP) Giants : RHP François Leclerc
|
|
Batting: LHB Fernão Manta
|
0-0: Ball 1-0: Ball 2-0: Swinging Strike 2-1: Ball 3-1: Foul Ball, location: 2F 3-2: Foul Ball, location: 2F 3-2: SOLO HOME RUN (Flyball, 89XD, EV 103.1 MPH), Distance : 433 ft
|
|
Batting: RHB Felipe Rivera
|
0-0: Ball 1-0: Ball 2-0: Swinging Strike 2-1: DOUBLE (Line Drive, 5D, EV 98.1 MPH)
|
|
Pitching: RHP Sam Green
|
|
|
Batting: SHB Alex Noval
|
0-0: Called Strike Felipe Rivera steals 3rd base 0-1: SINGLE (Groundball, 34, EV 110.0 MPH) Felipe Rivera scores
|
|
Batting: RHB Brad Brady
|
0-0: Fly out, F8 (Flyball, 8LXD, EV 93.1 MPH)
|
|
Batting: RHB Gaylord Wray
|
0-0: Ball 1-0: Ball Alex Noval steals 2nd base 2-0: Ball 3-0: Base on Balls
|
|
Batting: SHB Javy Franco
|
0-0: Called Strike 0-1: Foul Ball, location: 2F 0-2: Ball 1-2: Fly out, F8 (Flyball, 8RXD, EV 88.8 MPH) Runner from 2nd tags up, SAFE at 3rd, no throw by CF
|
|
Batting: SHB Erick Hamburger
|
0-0: Ball 1-0: Fly out, F8 (Flyball, BS3, EV 96.2 MPH)
|
| Top of the 7th over - 2 runs, 3 hits, 0 errors, 2 left on base; Ogden 6 - San Francisco (APP) 2 |
| BOTTOM OF THE 7TH |
|
San Francisco (APP) Giants batting - Pitching for Ogden Raptors : RHP Clyde Miller
|
|
Pinch Hitting: LHB Kuan Hsia
|
0-0: Ball 1-0: Ball 2-0: Called Strike 2-1: Ball 3-1: Base on Balls
|
|
Pitching: RHP Bill Dyck
|
|
|
Pinch Hitting: RHB Edwin Verdugo
|
0-0: Fly out, F5 (Popup, 56S, EV 71.9 MPH)
|
|
Batting: RHB Vinny Torres
|
0-0: Called Strike Balk! Kuan Hsia to second 0-1: Swinging Strike 0-2: Ball 1-2: Foul Ball, location: 2F 1-2: Ball 2-2: Foul Ball, location: 2F 2-2: Foul Ball, location: 2F 2-2: Ball Wild Pitch! Kuan Hsia to third 3-2: SINGLE (Groundball, 56D, EV 100.6 MPH) Kuan Hsia scores
|
|
Batting: RHB Tsugio Yamaguchi
|
0-0: Called Strike 0-1: Ball 1-1: Ball 2-1: SINGLE (Groundball, 25, EV 69.4 MPH) (infield hit) Vinny Torres to second
|
|
Batting: RHB Coen Dirks
|
0-0: Ball 1-0: Foul Ball, location: 2F 1-1: Foul Ball, location: 2F 1-2: Strikes out swinging
|
|
Batting: RHB Zach Maguire
|
0-0: Ball 1-0: Swinging Strike 1-1: Ball 2-1: Foul Ball, location: 2F 2-2: Fly out, F9 (Line Drive, 9, EV 85.6 MPH)
|
| Bottom of the 7th over - 1 run, 2 hits, 0 errors, 2 left on base; Ogden 6 - San Francisco (APP) 3 |
| TOP OF THE 8TH |
|
Ogden Raptors batting - Pitching for San Francisco (APP) Giants : RHP Sam Green
|
|
Now in CF: Cedric Sweep
|
|
|
Now in RF: Kuan Hsia
|
|
|
Batting: LHB Pedro Garza
|
0-0: Ball 1-0: Ball 2-0: Called Strike 2-1: Ground out 4-3 (Groundball, 4, EV 88.8 MPH)
|
|
Batting: RHB Juan Gallegos
|
0-0: Ball 1-0: Fly out, F8 (Line Drive, 8LXD, EV 105.6 MPH)
|
|
Batting: LHB Fernão Manta
|
0-0: Swinging Strike 0-1: Foul Ball, location: 2F 0-2: Ball 1-2: Ball 2-2: Ball 3-2: SINGLE (Line Drive, 7LS, EV 95.6 MPH)
|
|
Pitching: RHP Josh Henderson
|
|
|
Batting: RHB Felipe Rivera
|
0-0: Called Strike 0-1: Ball 1-1: SINGLE (Line Drive, 3D, EV 94.4 MPH) Fernão Manta to second Runner from 2nd tries for 3rd, SAFE, throw by RF made to third
|
|
Batting: SHB Alex Noval
|
0-0: Ball 1-0: DOUBLE (Flyball, 8RXD, EV 106.2 MPH) Fernão Manta scores Felipe Rivera to third Runner from 3rd tries for Home, SAFE, throw by CF to trailing runner, SAFE at third!
|
|
Batting: RHB Brad Brady
|
0-0: Ball 1-0: Foul Ball, location: 2F 1-1: Ball 2-1: Foul Ball, location: 2F 2-2: SINGLE (Flyball, 3D, EV 91.2 MPH) Alex Noval scores
|
|
Batting: RHB Gaylord Wray
|
0-0: Ball 1-0: Ball 2-0: Fly out, F8 (Flyball, 8LD, EV 87.5 MPH)
|
| Top of the 8th over - 3 runs, 4 hits, 0 errors, 1 left on base; Ogden 9 - San Francisco (APP) 3 |
| BOTTOM OF THE 8TH |
|
San Francisco (APP) Giants batting - Pitching for Ogden Raptors : RHP Bill Dyck
|
|
Batting: RHB Jaime Rios
|
0-0: Called Strike 0-1: Swinging Strike 0-2: Strikes out swinging
|
|
Batting: LHB Dennis Jones
|
0-0: Ball 1-0: Called Strike 1-1: Ball 2-1: Called Strike 2-2: Strikes out swinging, 2-3 out at first.
|
|
Batting: RHB Alex Peguero
|
0-0: Fly out, F8 (Flyball, 78D, EV 98.1 MPH)
|
| Bottom of the 8th over - 0 runs, 0 hits, 0 errors, 0 left on base; Ogden 9 - San Francisco (APP) 3 |
| TOP OF THE 9TH |
|
Ogden Raptors batting - Pitching for San Francisco (APP) Giants : RHP Josh Henderson
|
|
Batting: SHB Javy Franco
|
0-0: Called Strike 0-1: Foul Ball, location: 2F 0-2: Ball 1-2: Ball 2-2: Ball 3-2: SINGLE (Line Drive, 78S, EV 106.9 MPH)
|
|
Batting: SHB Erick Hamburger
|
0-0: Ball 1-0: Ball 2-0: Called Strike 2-1: Foul Ball, location: 2F 2-2: Foul Ball, location: 2F 2-2: Strikes out swinging
|
|
Pitching: LHP Justin Tidwell
|
|
|
Batting: LHB Pedro Garza
|
0-0: Called Strike 0-1: Ball 1-1: Ball 2-1: Ball 3-1: Foul Ball, location: 2F 3-2: Strikes out swinging Javy Franco is caught stealing 2nd base 2-6 Batter strikes out.
|
| Top of the 9th over - 0 runs, 1 hit, 0 errors, 0 left on base; Ogden 9 - San Francisco (APP) 3 |
| BOTTOM OF THE 9TH |
|
San Francisco (APP) Giants batting - Pitching for Ogden Raptors : RHP Bill Dyck
|
|
Batting: LHB Kuan Hsia
|
0-0: Swinging Strike 0-1: Foul Ball, location: 2F 0-2: Ball 1-2: Ball 2-2: Ground out 5-3 (Groundball, 5, EV 89.4 MPH)
|
|
Pinch Hitting: LHB Chris West
|
0-0: Ball 1-0: Swinging Strike 1-1: Foul Ball, location: 2F 1-2: Reached on error, E4 (Groundball, 4, EV 86.9 MPH)
|
|
Pitching: RHP Francisco Guzman
|
|
|
Batting: RHB Vinny Torres
|
0-0: Called Strike 0-1: Ball 1-1: Called Strike 1-2: Ball 2-2: Strikes out swinging
|
|
Batting: RHB Tsugio Yamaguchi
|
0-0: Called Strike 0-1: Swinging Strike 0-2: Ball 1-2: Fly out, F6 (Popup, 6MD, EV 71.9 MPH)
|
| Bottom of the 9th over - 0 runs, 0 hits, 1 error, 1 left on base; Ogden 9 - San Francisco (APP) 3 |
|